Map: Lightshade LE

Players

MissFanta (ThuocLao)

  • Race: Protoss Protoss
  • Spawn Location: 5:00

BlysK - Winner!

  • Race: Protoss Protoss
  • League: Master
  • Spawn Location: 11:00

Event: DreamHack SC2 Masters 2020 Winter

VOD

Have the link to the VOD?

Description

Time

  • Played on: Oct. 9, 2020, 9:55 p.m.
  • Length: 10:30

All games in this series

Show
View Real Time Build Order
Export as new Build Order

MissFanta Protoss 

Build Orders:  

Get SALT Encoding   

  12  0:00  Probe  
  13  0:12  Probe  
  14  0:17  Pylon  
  14  0:24  Probe  
  15  0:35  Gateway  
  15  0:36  Probe (Chrono Boost)  
  16  0:43  Assimilator  
  16  0:46  Probe (Chrono Boost)  
  17  0:52  Probe  
  17  0:55  Assimilator  
  18  1:04  Probe (Chrono Boost)  
  19  1:11  Gateway  
  19  1:17  Probe (Chrono Boost)  
  20  1:23  Probe (Chrono Boost)  
  20  1:24  Cybernetics Core  
  21  1:36  Pylon  
  21  1:37  Probe  
  22  1:44  Pylon  
  22  1:49  Probe  
  23  2:01  Probe  
  23  2:02  Stargate  
  23  2:08  Warp Gate  
  24  2:21  Probe  
  29  2:33  Probe  
  29  2:36  Pylon  
  25  2:45  Stalker x2  
  25  2:46  Probe, Void Ray (Chrono Boost)  
  33  2:58  Probe  
  35  3:10  Probe  
  36  3:22  Probe  
  36  3:23  Nexus  
  37  3:37  Robotics Facility  
  37  3:39  Probe  
  38  3:45  Pylon  
  37  3:52  Probe  
  38  3:56  Stalker  
  38  3:57  Stalker  
  42  4:06  Shield Battery  
  42  4:11  Probe  
  42  4:14  Gateway  
  43  4:21  Sentry x2  
  47  4:26  Observer  
  47  4:28  Probe  
  49  4:40  Gateway  
  49  4:41  Probe  
  49  4:42  Probe  
  51  4:49  Pylon  
  51  4:51  Warp Prism (Chrono Boost)  
  53  5:05  Adept  
  53  5:09  Adept  
  51  5:27  Probe  
  52  5:34  Stalker x2  
  56  5:37  Probe  
  56  5:39  Observer, Probe  
  59  5:48  Stalker  
  62  5:50  Probe (Chrono Boost)  
  62  5:52  Stalker  
  62  5:54  Probe (Chrono Boost)  
  65  6:01  Probe (Chrono Boost)  
  65  6:04  Probe (Chrono Boost)  
  67  6:05  Pylon  
  67  6:06  Probe (Chrono Boost)  
  65  6:25  Adept x2  
  64  6:28  Stalker x2  
  59  6:42  Probe  
  50  6:47  Stalker x2  
  39  6:55  Stalker x3  
  39  6:56  Probe  
  39  6:57  Probe  
  47  7:03  Immortal (Chrono Boost)  
  51  7:08  Probe  
  51  7:09  Probe  
  53  7:21  Probe x2  
  55  7:27  Stalker x3  
  61  7:33  Probe x2  
  61  7:34  Assimilator  
  59  7:37  Assimilator  
  59  7:45  Probe x2  
  59  7:46  Pylon  
  59  7:50  Shield Battery  
  61  7:56  Robotics Bay  
  61  8:00  Probe  
  61  8:03  Shield Battery  
  61  8:04  Adept x2  
  66  8:13  Stalker  
  66  8:14  Stalker  
  70  8:34  Probe x2  
  71  8:40  Disruptor (Chrono Boost)  
  72  8:45  Nexus  
  72  8:46  Probe  
  74  8:50  Twilight Council  
  74  8:53  Pylon  
  72  8:58  Robotics Facility  
  72  9:02  Probe  
  73  9:08  Disruptor, Adept  
  78  9:16  Stalker  
  80  9:17  Pylon  
  80  9:20  Probe  
  81  9:29  Probe  
  82  9:36  Stalker x2  
  84  9:42  Shield Battery  
  85  9:46  Observer x2  
  85  9:47  Probe  
  85  9:50  Stalker  
  89  9:55  Forge  
  89  9:58  Probe  
  89  9:59  Probe x2  
  92  10:07  Stalker  
  92  10:09  Stalker  
  92  10:11  Probe  
  97  10:21  Stalker x2  
Show
View Real Time Build Order
Export as new Build Order

BlysK Protoss - Winner!

Build Orders: Phoenix Opening 

Get SALT Encoding   

  12  0:00  Probe  
  13  0:12  Probe  
  14  0:17  Pylon  
  14  0:25  Probe  
  15  0:35  Gateway  
  15  0:37  Probe (Chrono Boost)  
  16  0:44  Assimilator  
  16  0:48  Probe (Chrono Boost)  
  17  0:53  Assimilator, Probe (Chrono Boost)  
  18  1:04  Probe (Chrono Boost)  
  19  1:10  Gateway  
  19  1:16  Probe (Chrono Boost)  
  20  1:24  Probe (Chrono Boost)  
  20  1:25  Cybernetics Core  
  21  1:31  Probe  
  22  1:38  Pylon  
  22  1:43  Probe  
  23  1:53  Pylon  
  23  1:56  Probe  
  23  2:01  Stalker, Warp Gate (Chrono Boost), Sentry  
  28  2:19  Shield Battery  
  28  2:30  Stalker  
  28  2:31  Stalker  
  32  2:41  Robotics Facility  
  32  3:00  Stalker  
  32  3:01  Stalker  
  32  3:04  Pylon  
  36  3:09  Phoenix  
  36  3:14  Pylon  
  36  3:26  Warp Prism (Chrono Boost)  
  37  3:41  Stalker  
  37  3:42  Stalker  
  42  3:55  Observer  
  42  4:08  Nexus  
  42  4:11  Probe  
  43  4:19  Stalker  
  43  4:23  Stalker  
  47  4:26  Probe (Chrono Boost)  
  48  4:35  Probe (Chrono Boost)  
  49  4:40  Probe (Chrono Boost)  
  50  4:48  Twilight Council  
  50  4:53  Adept  
  50  4:54  Adept  
  54  5:09  Probe  
  54  5:11  Robotics Bay  
  53  5:21  Probe  
  53  5:24  Blink (Chrono Boost)  
  53  5:25  Probe  
  53  5:34  Probe  
  54  5:37  Probe  
  54  5:40  Adept x2  
  59  5:46  Probe (Chrono Boost)  
  61  5:51  Probe (Chrono Boost)  
  61  5:57  Shield Battery  
  61  5:58  Disruptor, Probe (Chrono Boost)  
  66  6:07  Stalker  
  66  6:10  Stalker  
  63  6:30  Probe  
  63  6:32  Probe  
  63  6:37  Stalker x2  
  63  6:44  Probe  
  59  6:56  Probe  
  59  6:58  Probe  
  59  7:00  Assimilator  
  61  7:02  Assimilator  
  61  7:03  Gateway  
  61  7:04  Gateway  
  61  7:06  Forge  
  61  7:07  Stalker x2  
  66  7:08  Probe  
  66  7:10  Probe  
  66  7:12  Disruptor  
  70  7:20  Probe  
  70  7:22  Pylon  
  69  7:23  Probe  
  69  7:32  Probe  
  70  7:38  Charge  
  70  7:42  Pylon  
  70  7:43  Protoss Ground Weapons Level 1 (Chrono Boost)  
  70  7:44  Pylon  
  70  7:52  Pylon  
  70  7:57  Gateway  
  70  8:01  Probe (Chrono Boost)  
  70  8:03  Probe (Chrono Boost)  
  72  8:07  Probe  
  73  8:12  Probe  
  73  8:16  Disruptor (Chrono Boost)  
  73  8:19  Probe  
  78  8:25  Probe  
  78  8:26  Nexus  
  79  8:30  Templar Archives  
  79  8:32  Stalker  
  81  8:38  Gateway  
  81  8:43  Zealot x2  
  81  8:45  Probe  
  86  8:51  Disruptor  
  86  8:54  Sentry  
  92  9:00  Pylon  
  91  9:03  Pylon  
  91  9:08  Gateway  
  91  9:12  Stalker  
  93  9:19  Probe x2  
  95  9:26  Photon Cannon  
  95  9:37  Stalker x2  
  99  9:39  High Templar x2  
  99  9:44  Archon  
  101  9:47  Stalker x2  
  101  9:48  Probe x2  
  101  9:51  Probe  
  108  10:00  Probe  
  108  10:02  Photon Cannon  
  109  10:13  Zealot x4  
Tags
 
Add a new tag
Caveats
  • Supply blocks, unpowered buildings, or Contaminate may cause inaccurate times.
  • Supply counts are checked every 10 seconds.